 Dungeon Crawl Stone Soup version 0.29.0-4-gdea44cf6ec (webtiles) character file.

Game seed: 2896161020515993351

7 qw the Sneak (level 1, -4/10 HPs)
             Began as a Felid Delver on Aug 27, 2022.
             Slain by an iguana (12 damage)
             ... on level 4 of the Dungeon.
             The game lasted 00:00:01 (68 turns).

qw the Sneak (Felid Delver)                           Turns: 68, Time: 00:00:01

Health: -4/10      AC:  1    Str:  8    XL:     1   Next: 83%
Magic:  2/2        EV: 17    Int: 11    God:
Gold:   26         SH:  0    Dex: 17    Spells: 0/0 levels left
                                        Lives:  0   Deaths: 0

rFire   . . .      SeeInvis +     - Unarmed
rCold   . . .      Faith    .   (shield unavailable)
rNeg    . . .      Spirit   .   (body armour unavailable)
rPois   .          Reflect  .   (helmet unavailable)
rElec   .          Harm     .   (cloak unavailable)
rCorr   .          Rampage  .   (gloves unavailable)
Will    .....                   (boots unavailable)
Stlth   +++.......              (no amulet)
HPRegen 0.03/turn               (no ring)
MPRegen 0.08/turn               (no ring)

@: quick
A: very small, claws 1, fangs 3, see invisible, speed 1, shaggy fur 1, stealthy
paws, no weapons or thrown items, no armour, multi-lived
a: no special abilities


You were on level 4 of the Dungeon.
You visited 1 branch of the dungeon, and saw 2 of its levels.

You collected 26 gold pieces.


Innate Abilities, Weirdness & Mutations

You have sharp claws.
You have razor-sharp teeth.
You have supernaturally acute eyesight. (SInv)
You cover ground quickly. (Speed+)
You are covered in fur. (AC +1)
Your paws help you pounce on unaware monsters.
You are incapable of wielding weapons or throwing items.
You cannot wear armour.
You gain extra lives every three experience levels.


   Skills:
 - Level 3.0 Fighting
 - Level 2.6 Dodging
 - Level 6.6 Stealth
 + Level 2.6 Unarmed Combat


You couldn't memorise any spells.
You didn't know any spells.
Your spell library was empty.

Inventory:

Wands
 e - a wand of digging (3)
Scrolls
 Y - 2 scrolls of identify
Potions
 d - a potion of haste

Dungeon Overview and Level Annotations

Branches:
Dungeon (5/15)
 Temple: D:4-7

Altars:

Annotations:
D:5 1 runed translucent door


Message History

It is a scroll of identify.
You don't have any unidentified items.
41 ||| DROPPING scroll of fog.
You drop a scroll of fog.
42 ||| DROPPING scroll of magic mapping.
You drop a scroll of magic mapping.
43 ||| DROPPING scroll of fear.
You drop a scroll of fear.
(D) Dungeon
Where to? (* - list waypoints, ? - help)
What level of the Dungeon? (default 1, ? - help)
Found a scroll labelled TOASUIL EPLEBB.
Found 6 stones.
Found a scroll labelled ENOAPS DUADGH.
There is a stone staircase leading up here.
You climb upwards.
You hear the hiss of flowing sand.
There is an entrance to an ossuary on this level.
Hurry and find it before the portal is buried!
Found an escape hatch in the ceiling.
There is a stone staircase leading down here.
Existing waypoints: (2) D:5 Assign waypoint to what number? (0-9, D - delete waypoint) Waypoint 1 assigned to D:4.
53 ||| PLANNING OSSUARY
Found an escape hatch in the floor.
Found a stone staircase leading up.
An orc and an iguana come into view.
The orc shouts!
You hear a shout!
A hobgoblin comes into view.
A kobold comes into view. It is wielding a +0 dagger.
The kobold shouts!
The iguana hisses angrily.
You completely miss the hobgoblin. You scratch the hobgoblin.
You bite the hobgoblin.
You kill the hobgoblin!
The kobold throws a stone.
The stone hits you.
66 ||| Stepping ~*~*~tactically~*~*~ (outnumbered).
67 ||| Stepping ~*~*~tactically~*~*~ (outnumbered).
You closely miss the iguana. The orc closely misses you. The iguana bites you!
Ouch! That really hurt!
You die...

#+##### #####
......> ##.....
.......####...###.
.......#@oK.......
.......#.l..#.8...
#.........##......
########><# 8...<.
#### ..... .8...
.... ....


You could see an iguana, an orc and a kobold.

Vanquished Creatures
  An ufetubus (D:5)
  A hobgoblin (D:4)
2 creatures vanquished.

Notes
Turn   | Place    | Note
-------+----------+-------------------------------------------
     0 | D:5      | qw the Felid Delver began the quest for the Orb.
     0 | D:5      | Reached XP level 1. HP: 10/10 MP: 2/2
     0 | D:5      | 0 ||| qw: Version: 0.1-a-89-g26bdef1
     0 | D:5      | 0 ||| qw: Game counter: 25
     0 | D:5      | 0 ||| qw: Always use a shield: true
     0 | D:5      | 0 ||| qw: God list: Okawaru, Trog
     0 | D:5      | 0 ||| qw: Allow faded altars: false
     0 | D:5      | 0 ||| qw: Do Orc after D:15 true
     0 | D:5      | 0 ||| qw: Do second Lair branch before Depths: true
     0 | D:5      | 0 ||| qw: Lair rune preference: random
     0 | D:5      | 0 ||| qw: Plans: Normal
     0 | D:5      | 0 ||| PLANNING D:1-11
    40 | D:5      | 40 ||| READING 3 scrolls labelled ARUMI VI VAE.
    41 | D:5      | 41 ||| DROPPING scroll of fog.
    42 | D:5      | 42 ||| DROPPING scroll of magic mapping.
    43 | D:5      | 43 ||| DROPPING scroll of fear.
    50 | D:5      | Found a runed translucent gate.
    53 | D:4      | 53 ||| PLANNING OSSUARY
    57 | D:4      | Noticed an iguana
    66 | D:4      | 66 ||| Stepping ~*~*~tactically~*~*~ (outnumbered).
    67 | D:4      | 67 ||| Stepping ~*~*~tactically~*~*~ (outnumbered).
    68 | D:4      | Slain by an iguana

Levels and vault maps discovered:
D:4:      kennysheep_kobold_camp, layout_basic, nicolae_uskayaw_en_pointe,
          gup_ossuary_entry_pyramid, grunt_ministairs_2
D:5:      layout_rooms, general_overflow_altar,
          minmay_temple_entry_drinking_statues, gammafunk_ghost_split,
          kennysheep_generic_room_11

Action                   || total
-------------------------++-------
Melee: Unarmed           ||    11
       Bite              ||     2
  Use: Scroll            ||     1
Dodge: Dodged            ||    20

Table legend:
 A = Non-vault XP
 B = Vault XP
 C = Vault XP percentage of total XP
 D = Non-vault monster count
 E = Vault monster count
 F = Vault count percentage of total count
                 A         B        C        D         E       F
            +---------+---------+-------+---------+---------+-------
      Total |       8 |       2 |  20.0 |       1 |       1 |  50.0
            +---------+---------+-------+---------+---------+-------
        D:4 |       0 |       2 | 100.0 |       0 |       1 | 100.0
        D:5 |       8 |       0 |   0.0 |       1 |       0 |   0.0
            +---------+---------+-------+---------+---------+-------
